AoeStats
← bob

Arena

510868899Analyzed
4v4 RM · 23h ago on Oct 2, 2026· 66m 25s· 8 players
Game mode
Random Map
Map size
Large (8 player)
Population
200
Speed
Normal
Resources
Standard
Victory
Conquest
Starting age
Dark Age
Ending age
Imperial Age
RankedLock teamsTeams togetherTeam positionsShared explorationLock speedFull tech treeHidden civsTurbo modeCheats
Victory
Defeat
🇬🇧 Muisca · United Kingdom
1078
+15
🇨🇱 Varangians · Chile
1060
+16
🇺🇸 Saxons · United States
1057
+16
🇺🇸 Franks · United States
1000
+55
🇮🇹 Spanish · Italy
1136
-19
🇦🇹 Lithuanians · Austria
1092
-18
🇦🇷 Britons · Argentina
998
-14
🇦🇷 Byzantines · Argentina
992
-14
BLOO
4:52 Loom
10:53 Feudal Age
11:26 Double-Bit Axe
16:40 Castle Age
14:33 Horse Collar
16:10 Gold Mining
15:55 Man-at-Arms
17:30 Bow Saw
16:57 Long Swordsman
21:24 Fletching
24:46 Fortified Wall
27:01 Wheelbarrow
26:56 Heavy Plow
32:56 Imperial Age
30:40 Scale Mail Armor
32:49 Chain Mail Armor
32:51 Forging
33:45 Hand Cart
33:53 Hand Cart
34:40 Two-Man Saw
35:02 Iron Casting
36:23 Plate Mail Armor
36:03 Elite Varangian Guard
36:57 Squires
39:07 Conscription
40:36 Bodkin Arrow
41:47 Town Watch
42:36 Shield Wall
43:29 Arson
44:01 Masonry
44:18 Ballistics
43:46 Pikeman
44:34 Halberdier
45:05 Gambesons
45:13 Elite Hearth Troop
51:14 Bracer
51:12 Guard Tower
51:09 Arrowslits
52:25 Chemistry
51:58 Architecture
52:23 Siege Engineers
52:32 Capped Ram
55:33 Hoardings
55:42 Keep
65:22 Treadmill Crane
Stratty
11:00 Feudal Age
9:19 Loom
16:02 Castle Age
26:03 Wheelbarrow
25:17 Horse Collar
25:23 Double-Bit Axe
25:29 Double-Bit Axe
25:36 Gold Mining
28:18 Hand Cart
28:57 Ballistics
28:40 Padded Archer Armor
28:31 Fletching
28:43 Scale Mail Armor
33:00 Imperial Age
30:27 Bodkin Arrow
30:48 Leather Archer Armor
30:45 Squires
31:08 Thumb Ring
31:36 Chain Mail Armor
32:20 Bow Saw
32:46 Gold Shaft Mining
32:12 Heavy Plow
32:53 Forging
33:06 Elite Temple Guard
33:08 Elite Guecha Warrior
34:10 Conscription
34:58 Chemistry
34:09 Masonry
35:10 Iron Casting
34:58 Bracer
35:34 Plate Mail Armor
35:32 Elite Guecha Warrior
36:34 Conscription
51:32 Elite Skirmisher
55:20 Champi Runner
57:02 Champi Warrior
57:56 Elite Champi Warrior
59:43 Herbalism
bob
9:58 Loom
25:27 Feudal Age
26:23 Gold Mining
26:23 Double-Bit Axe
26:31 Stone Mining
GENIACO
9:45 Feudal Age
14:31 Castle Age
12:52 Double-Bit Axe
13:39 Horse Collar
16:37 Heavy Plow
19:54 Bow Saw
19:40 Loom
24:10 Gold Mining
24:14 Stone Mining
30:05 Imperial Age
28:14 Wheelbarrow
27:25 Town Watch
28:26 Forging
28:21 Scale Barding Armor
28:16 Vendel Legacy
29:34 Fortified Wall
30:18 Iron Casting
30:02 Hand Cart
30:33 Husbandry
30:44 Bloodlines
31:22 Conscription
32:53 Two-Man Saw
32:25 Crop Rotation
31:33 Cavalier
33:06 Chain Barding Armor
33:16 Siege Engineers
33:24 Town Patrol
33:17 Arson
35:40 Chemistry
35:01 Ballistics
34:53 Masonry
36:07 Blast Furnace
35:48 Plate Barding Armor
44:39 Scale Mail Armor
44:05 Pikeman
44:46 Squires
44:31 Gambesons
45:19 Light Cavalry
47:08 Hussar
tony徐
8:53 Feudal Age
14:52 Castle Age
13:21 Double-Bit Axe
13:56 Horse Collar
24:06 Heavy Plow
24:55 Loom
25:56 Gold Mining
25:56 Stone Mining
26:06 Town Watch
27:01 Treadmill Crane
27:31 Hill Forts
28:45 Stone Shaft Mining
30:02 Wheelbarrow
30:15 Town Patrol
33:06 Imperial Age
31:01 Masonry
31:08 Bloodlines
30:58 Husbandry
31:57 Husbandry
32:44 Hand Cart
32:56 Ballistics
33:26 Forging
33:21 Scale Barding Armor
35:13 Chemistry
35:05 Iron Casting
35:05 Conscription
34:09 Elite Leitis
35:03 Tower Shields
35:13 Tower Shields
35:29 Squires
34:49 Pikeman
36:20 Chain Barding Armor
37:03 Halberdier
40:25 Plate Barding Armor
39:51 Scale Mail Armor
44:51 Fletching
45:02 Padded Archer Armor
47:46 Architecture
47:27 Fortified Wall
47:59 Chain Mail Armor
50:05 Light Cavalry
52:36 Winged Hussar
59:31 Murder Holes
63:55 Thumb Ring
63:11 Elite Skirmisher
H0TM1ILK
10:23 Feudal Age
11:20 Double-Bit Axe
16:23 Castle Age
14:37 Stone Mining
16:36 Fletching
18:41 Bodkin Arrow
19:09 Gold Mining
19:19 Loom
21:40 Bow Saw
22:06 Horse Collar
27:30 Padded Archer Armor
27:53 Ballistics
28:28 Gold Shaft Mining
32:05 Yeomen
32:43 Wheelbarrow
35:02 Imperial Age
35:55 Bracer
36:10 Leather Archer Armor
36:58 Chemistry
37:14 Elite Longbowman
43:08 Two-Man Saw
43:40 Conscription
44:39 Masonry
45:38 Hand Cart
50:39 Murder Holes
54:24 Fortified Wall
60:11 Town Watch
BatManZurdo
13:10 Feudal Age
11:26 Loom
17:46 Castle Age
16:42 Double-Bit Axe
16:40 Horse Collar
17:33 Fletching
20:02 Pikeman
23:03 Wheelbarrow
25:57 Bow Saw
26:07 Gold Mining
26:27 Squires
26:59 Heavy Plow
29:07 Forging
28:52 Bodkin Arrow
29:00 Scale Mail Armor
29:13 Stone Mining
29:58 Gold Shaft Mining
29:47 Hand Cart
34:43 Imperial Age
33:42 Chain Mail Armor
34:03 Iron Casting
33:29 Padded Archer Armor
34:27 Stone Shaft Mining
34:21 Gambesons
34:22 Arson
35:19 Ballistics
34:55 Murder Holes
35:32 Fortified Wall
35:13 Halberdier
36:24 Plate Mail Armor
35:55 Bracer
36:58 Two-Man Saw
36:32 Crop Rotation
37:29 Chemistry
36:43 Fortified Wall
36:14 Treadmill Crane
37:40 Conscription
37:33 Husbandry
36:59 Elite Skirmisher
38:01 Scale Barding Armor
38:11 Leather Archer Armor
38:26 Heavy Camel Rider
43:18 Ring Archer Armor
43:09 Chain Barding Armor
44:04 Logistica
锋
10:37 Feudal Age
11:35 Double-Bit Axe
16:07 Castle Age
16:14 Loom
17:01 Bow Saw
28:05 Wheelbarrow
28:43 Horse Collar
31:51 Imperial Age
31:14 Hand Cart
31:37 Padded Archer Armor
32:53 Conscription
32:36 Husbandry
32:46 Bloodlines
34:04 Chemistry
33:24 Ballistics
33:03 Gold Mining
33:03 Stone Mining
33:01 Town Watch
32:53 Elite Conquistador
34:13 Town Patrol
35:01 Masonry
43:58 Leather Archer Armor
56:30 Heavy Plow
57:15 Ring Archer Armor
63:45 Caravan
Connection lost

Rejoining the realm…

Still unreachable

The connection could not be restored.

Session expired

The server has moved on; the page needs a fresh start.